 Dungeon Crawl Stone Soup version 0.21-a0-401-g0b6bec4 (webtiles) character file.

546 Aigis the Stinger (level 7, -6/51 HPs)
             Began as a Gnoll Venom Mage on Oct 25, 2017.
             Was a Follower of Kikubaaqudgha.
             Mangled by Pikel
             ... wielding a +2 whip of freezing
              (8 damage)
             ... on level 2 of the Dungeon.
             The game lasted 00:10:04 (4410 turns).

Aigis the Stinger (Gnoll Venom Mage)                Turns: 4410, Time: 00:10:04

Health: -6/51      AC:  3    Str: 11    XL:     7   Next: 28%
Magic:  15/15      EV: 15    Int: 17    God:    Kikubaaqudgha [*.....]
Gold:   171        SH:  0    Dex: 17    Spells: 0/17 levels left

rFire    . . .     SeeInvis .   a - +0 hand axe (chop)
rCold    . . .     Gourm    .   (no shield)
rNeg     . . .     Faith    .   s - +0 leather armour
rPois    .         Spirit   .   (no helmet)
rElec    .         Reflect  .   (no cloak)
rCorr    .         Harm     .   (no gloves)
MR       .....                  (no boots)
Stlth    +++.......             (no amulet)
HPRegen  0.17/turn              (no ring)
MPRegen  0.14/turn              (no ring)

@: about to teleport
A: distributed training, fangs 1, strong nose
a: Receive Corpses, Renounce Religion


You were on level 2 of the Dungeon.
You worshipped Kikubaaqudgha.
Kikubaaqudgha was aware of your devotion.
You were not hungry.

You visited 1 branch of the dungeon, and saw 4 of its levels.

You collected 171 gold pieces.

Inventory:

Hand Weapons
 a - a +0 hand axe of chopping (weapon)
 e - a +0 club
 f - a +0 dagger
Missiles
 h - 3 javelins (quivered)
Armour
 j - a +0 ring mail
 s - a +0 leather armour (worn)
 v - a +0 robe of resistance
Scrolls
 b - 2 scrolls of identify {unknown}
 k - a scroll of teleportation
 l - 3 scrolls of remove curse
 p - a scroll of fog
 r - 2 scrolls of magic mapping
 u - a scroll of enchant weapon {unknown}
Potions
 g - a potion of mutation {unknown}
 m - a potion of agility {unknown}
 n - 2 potions of heal wounds {unknown}
 q - a potion of resistance {unknown}
Books
 t - Kikubaaqudgha's Disquisition on Dark Secrets
   (Kikubaaqudgha gifted it to you on level 3 of the Dungeon)

   Spells                             Type                      Level
   a - Pain                           Necromancy                   1
   b - Corpse Rot                     Necromancy                   2
   c - Sublimation of Blood           Necromancy                   2
   d - Vampiric Draining              Necromancy                   3
   e - Control Undead                 Necromancy                   4
 w - a book of Minor Magic

   Spells                             Type                      Level
   a - Magic Dart                     Conjuration                  1
   b - Blink                          Translocation                2
   c - Call Imp                       Summoning                    2
   d - Slow                           Hexes                        2
   e - Conjure Flame                  Conjuration/Fire             3
   f - Mephitic Cloud                 Conjuration/Poison/Air       3
Comestibles
 c - 4 bread rations
 i - a meat ration


   Skills:
 + Level 2.3 Fighting
 + Level 2.3 Short Blades
 + Level 2.3 Long Blades
 + Level 2.3 Axes
 + Level 2.3 Maces & Flails
 + Level 2.3 Polearms
 + Level 2.3 Staves
 + Level 2.3 Slings
 + Level 2.3 Bows
 + Level 2.3 Crossbows
 + Level 2.3 Throwing
 + Level 2.3 Armour
 + Level 5.2 Dodging
 + Level 4.8 Stealth
 + Level 2.3 Shields
 + Level 2.3 Unarmed Combat
 + Level 5.5 Spellcasting
 + Level 2.9 Conjurations
 + Level 1.9 Hexes
 + Level 1.9 Charms
 + Level 1.9 Summonings
 + Level 1.9 Necromancy
 + Level 1.9 Translocations
 + Level 1.9 Transmutations
 + Level 1.9 Fire Magic
 + Level 1.9 Ice Magic
 + Level 1.9 Air Magic
 + Level 1.9 Earth Magic
 + Level 5.8 Poison Magic
 + Level 2.6 Invocations
 + Level 2.3 Evocations


You couldn't memorise any spells.
You knew the following spells:

 Your Spells              Type           Power        Failure   Level  Hunger
a - Sting                 Conj/Pois      ###.         3%          1    None
b - Poisonous Vapours     Pois/Air       ###...       5%          2    #......
c - Mephitic Cloud        Conj/Pois/Air  ###.....     12%         3    ##.....
d - Blink                 Tloc           N/A          12%         2    #......
e - Olgreb's Toxic Radia  Pois           ###.....     16%         4    ####...
f - Venom Bolt            Conj/Pois      ###.......   63%         5    ######.


Dungeon Overview and Level Annotations

Branches:
Dungeon (4/15)
 Temple: D:4-7

Altars:
Fedhas
Kikubaaqudgha
Makhleb
Trog
Wu Jian
The Shining One

Annotations:
D:2 Pikel
D:3 Xathitun's ghost, amateur TrBe


Innate Abilities, Weirdness & Mutations

Your experience applies equally to all skills.
You have very sharp teeth.
Your uncanny sense of smell can sniff out nearby items.


Message History

Pikel hits you but does no damage. Xathitun's ghost hits you!
* * * LOW HITPOINT WARNING * * *
You climb upwards.
There is a stone staircase leading down here.
Unknown command.
You feel better. Pikel hits you with a whip of freezing.
* * * LOW HITPOINT WARNING * * *
Pikel freezes you.
* * * LOW HITPOINT WARNING * * *
Unknown command.
As you read the scroll of teleportation, it crumbles to dust.
You feel strangely unstable. Pikel hits you with a whip of freezing!
* * * LOW HITPOINT WARNING * * *
Pikel freezes you.
* * * LOW HITPOINT WARNING * * *
Unknown command.
You eat one of the 5 bread rations.
That bread ration really hit the spot!
Pikel hits you with a whip of freezing!
You die...
Kikubaaqudgha rasps: "You have failed me!
Welcome... death!"

####.# #.# ##....
###.#######.# ####.
#...........# #.
#...........# ##
#....#####.## #.#)######.#
#.#.....##.####
#######.............#
#.)......K@##..#.##.##
#.#####.#..(.........#
#.#####.#.###.....#..#
#.#..................######
#.#.###...........##.......
#.#.# #.###.##.#.##########
#.#.# #.# #.##.#.# #†#.#
#.# #.##.#.# #.#.#
#.###.##.#.#


You could see Pikel.

Vanquished Creatures
  A slave (D:4)
  Blork the orc (D:4)
  2 scorpions
  A hound (D:4)
  3 orc priests
  3 orc wizards
  4 gnolls
  4 adders
  An ooze (D:1)
  4 worms
  2 dart slugs
  2 leopard geckos
  13 orcs
  A ball python (D:1)
  9 bats
  8 giant cockroaches
  9 goblins
  3 hobgoblins
  3 jackals (D:4)
  4 kobolds
  A quokka (D:3)
  7 frilled lizards
  A leopard gecko zombie (D:4)
  6 rats
93 creatures vanquished.

Notes
Turn   | Place    | Note
-------+----------+-------------------------------------------
     0 | D:1      | Aigis the Gnoll Venom Mage began the quest for the Orb.
     0 | D:1      | Reached XP level 1. HP: 13/13 MP: 6/6
    50 | D:1      | Reached XP level 2. HP: 16/19 MP: 5/7
   389 | D:1      | Reached XP level 3. HP: 23/25 MP: 9/9
   613 | D:2      | Reached skill level 5 in Spellcasting
   645 | D:2      | Learned a level 2 spell: Poisonous Vapours
   649 | D:2      | Learned a level 3 spell: Mephitic Cloud
   733 | D:2      | Found a blossoming altar of Fedhas.
   746 | D:2      | Reached skill level 1 in Invocations
   851 | D:2      | Noticed a scorpion
   864 | D:2      | Killed a scorpion
   864 | D:2      | Reached skill level 1 in Fighting
   864 | D:2      | Reached skill level 1 in Short Blades
   864 | D:2      | Reached skill level 1 in Long Blades
   864 | D:2      | Reached skill level 1 in Axes
   864 | D:2      | Reached skill level 1 in Maces & Flails
   864 | D:2      | Reached skill level 1 in Polearms
   864 | D:2      | Reached skill level 1 in Staves
   864 | D:2      | Reached skill level 1 in Slings
   864 | D:2      | Reached skill level 1 in Bows
   864 | D:2      | Reached skill level 1 in Crossbows
   864 | D:2      | Reached skill level 1 in Throwing
   864 | D:2      | Reached skill level 1 in Armour
   864 | D:2      | Reached skill level 1 in Shields
   864 | D:2      | Reached skill level 1 in Unarmed Combat
   864 | D:2      | Reached skill level 1 in Hexes
   864 | D:2      | Reached skill level 1 in Charms
   864 | D:2      | Reached skill level 1 in Summonings
   864 | D:2      | Reached skill level 1 in Necromancy
   864 | D:2      | Reached skill level 1 in Translocations
   864 | D:2      | Reached skill level 1 in Transmutations
   864 | D:2      | Reached skill level 1 in Fire Magic
   864 | D:2      | Reached skill level 1 in Ice Magic
   864 | D:2      | Reached skill level 1 in Air Magic
   864 | D:2      | Reached skill level 1 in Earth Magic
   864 | D:2      | Reached skill level 1 in Evocations
   864 | D:2      | Reached XP level 4. HP: 25/32 MP: 0/11
  1163 | D:2      | Reached XP level 5. HP: 21/37 MP: 2/12
  1418 | D:2      | Found a burning altar of Makhleb.
  1418 | D:2      | Found an ancient bone altar of Kikubaaqudgha.
  1626 | D:2      | Became a worshipper of Kikubaaqudgha
  2340 | D:2      | Reached XP level 6. HP: 11/44 MP: 0/13
  3464 | D:3      | Reached * piety under Kikubaaqudgha
  3464 | D:3      | Identified Kikubaaqudgha's Disquisition on Dark Secrets (Kikubaaqudgha gifted it to you on level 3 of the Dungeon)
  3464 | D:3      | Received a gift from Kikubaaqudgha
  3523 | D:3      | Noticed Xathitun's ghost (amateur TrBe)
  3540 | D:4      | Reached skill level 5 in Dodging
  3706 | D:4      | Noticed Blork the orc
  3720 | D:4      | Killed Blork the orc
  3746 | D:4      | Reached XP level 7. HP: 7/50 MP: 0/15
  3979 | D:4      | Learned a level 2 spell: Blink
  3984 | D:4      | Learned a level 4 spell: Olgreb's Toxic Radiance
  3990 | D:4      | Learned a level 5 spell: Venom Bolt
  4032 | D:4      | Found an ornate altar of the Wu Jian Council.
  4040 | D:4      | Found a glowing golden altar of the Shining One.
  4364 | D:4      | Found a bloodstained altar of Trog.
  4365 | D:4      | Noticed Pikel
  4409 | D:2      | HP: 2/51 [Pikel/whip of freezing (2)]
  4410 | D:2      | Mangled by Pikel

Vault maps used:
D:1:      grunt_arrival_lava_bath, corexii_item_surrounded_by_moat,
          hangedman_decor_growths, minivault_23
D:2:      fedhas_altar_1, gammafunk_temple_overflow_elements
D:3:      serial_bayou, serial_bayou_ford_a, serial_bayou_lake_a,
          serial_bayou_pond_e, serial_bayou_pond_c, moated_statue,
          kennysheep_cluttered_room, eino_curves_01
D:4:      nicolae_overflow_crystal_walls, lemuel_doored_altar, trog_wizard,
          uniq_robin, uniq_pikel, uniq_blork_the_orc

Skill      XL: |  1  2  3  4  5  6 |
---------------+-------------------+-----
Conjurations   | 2 |  2.9
Spellcasting   | 5 |  5.5
Invocations    | 1 2 |  2.6
Fighting       | 1 2 |  2.3
Short Blades   | 1 2 |  2.3
Long Blades    | 1 2 |  2.3
Axes           | 1 2 |  2.3
Maces & Flails | 1 2 |  2.3
Polearms       | 1 2 |  2.3
Staves         | 1 2 |  2.3
Slings         | 1 2 |  2.3
Bows           | 1 2 |  2.3
Crossbows      | 1 2 |  2.3
Throwing       | 1 2 |  2.3
Armour         | 1 2 |  2.3
Shields        | 1 2 |  2.3
Unarmed Combat | 1 2 |  2.3
Hexes          | 1 |  1.9
Charms         | 1 |  1.9
Summonings     | 1 |  1.9
Necromancy     | 1 |  1.9
Translocations | 1 |  1.9
Transmutations | 1 |  1.9
Fire Magic     | 1 |  1.9
Ice Magic      | 1 |  1.9
Air Magic      | 1 |  1.9
Earth Magic    | 1 |  1.9
Evocations     | 1 2 |  2.3
Dodging        | 5 |  5.2
Stealth        | |  4.8
Poison Magic   | |  5.8

Action                   |  1- 3 |  4- 6 |  7- 9 || total
-------------------------+-------+-------+-------++-------
Melee: Club              |    18 |       |       ||    18
       Bite              |     6 |    19 |     5 ||    30
       Dagger            |    19 |   110 |       ||   129
       Hand axe          |       |    38 |    34 ||    72
       Punch             |       |       |     1 ||     1
Throw: Javelin           |       |     1 |       ||     1
 Cast: Sting             |    19 |     5 |       ||    24
       Poisonous Vapours |    10 |    60 |     8 ||    78
       Olgreb's Toxic Ra |       |       |     2 ||     2
  Use: Scroll            |     3 |     3 |     1 ||     7
       Potion            |       |     1 |     1 ||     2
 Stab: Sleeping          |     6 |     1 |       ||     7
  Eat: Chunk             |       |    10 |     1 ||    11
       Bread ration      |       |       |     1 ||     1
Armor: Robe              |     2 |     3 |       ||     5
       Leather armour    |       |    28 |     8 ||    36
Dodge: Dodged            |    30 |   112 |    25 ||   167

Table legend:
 A = Spawn XP
 B = Non-spawn XP
 C = Spawn XP percentage of total XP
 D = Spawn monster count
 E = Non-spawn monster count
 F = Spawn count percentage of total count
 G = Total turns spent on level
                    A         B        C        D         E        F      G
               +---------+---------+-------+---------+---------+-------+---------
         Total |       0 |     781 |   0.0 |       0 |      92 |   0.0 |  4410
               +---------+---------+-------+---------+---------+-------+---------
           D:1 |       0 |      37 |   0.0 |       0 |      19 |   0.0 |   594
           D:2 |       0 |     181 |   0.0 |       0 |      25 |   0.0 |  1929
           D:3 |       0 |     218 |   0.0 |       0 |      33 |   0.0 |  1023
           D:4 |       0 |     345 |   0.0 |       0 |      15 |   0.0 |   864
               +---------+---------+-------+---------+---------+-------+---------
